 Dungeon Crawl Stone Soup version 0.30-a0-760-g5a9884bb7c (webtiles) character file.

Game seed: 1220604330966405157

1668 boo the Carver (level 8, -3/73 HPs)
             Began as a Minotaur Fighter on Feb 11, 2023.
             Was a Priest of Okawaru.
             Slain by an iguana (6 damage)
             ... on level 6 of the Dungeon.
             The game lasted 00:07:17 (4385 turns).

boo the Carver (Minotaur Fighter)                   Turns: 4385, Time: 00:07:18

Health: -3/73      AC:  8    Str: 23    XL:     8   Next: 69%
Magic:  7/7        EV: 10    Int: 11    God:    Okawaru [***...]
Gold:   370        SH:  5    Dex: 10    Spells: 7/7 levels left

rFire   . . .      SeeInvis .    k - +0 falchion (elec)
rCold   + . .      Faith    .    c - +0 buckler
rNeg    . . .      Spirit   .    m - +2 ring mail {rPois}
rPois   +          Reflect  .    (helmet restricted)
rElec   .          Harm     .    (no cloak)
rCorr   .          Rampage  .    (no gloves)
Will    .....                    (no boots) Stlth
                                 l - amulet of regeneration
HPRegen 1.12/turn                z - ring of flight
MPRegen 0.10/turn                K - ring of Sif Muna's Inspiration {Fly rC+ Int+6}

@: flying
A: horns 2, retaliatory headbutt
a: Renounce Religion, Heroism


You were on level 6 of the Dungeon.
You worshipped Okawaru.
Okawaru was most pleased with you.
You visited 2 branches of the dungeon, and saw 7 of its levels.

You collected 370 gold pieces.

Inventory:

Hand Weapons
 a - a +0 long sword
 k - a +0 falchion of electrocution (weapon)
Armour
 b - a +0 scale mail
 c - a +0 buckler (worn)
 m - a +2 ring mail of poison resistance (worn)
Jewellery
 l - an amulet of regeneration (around neck)
 q - a ring of ice
 t - a ring of magical power
 w - a ring of ice
 z - a ring of flight (left hand)
 A - a ring of willpower
 K - the ring of Sif Muna's Inspiration (right hand) {Fly rC+ Int+6}
   (You found it on level 5 of the Dungeon)

   [ring of intelligence]

   Int:       It affects your intelligence (+6).
   rC:        It protects you from cold.
   Fly:       It grants you flight.
Wands
 H - a wand of digging (3)
Scrolls
 e - 2 scrolls of amnesia
 j - a scroll of enchant weapon
 o - 2 scrolls of magic mapping
 p - a scroll of blinking
 x - a scroll of brand weapon
 F - a scroll of enchant armour {unknown}
 G - a scroll of poison {unknown}
 I - a scroll of teleportation {unknown}
Potions
 d - a potion of might
 f - a potion of attraction {unknown}
 g - a potion of resistance {unknown}
 h - 5 potions of brilliance {unknown}
 i - a potion of cancellation {unknown}
 n - a potion of heal wounds {unknown}
 r - a potion of berserk rage {unknown}
 s - 3 potions of mutation {unknown}
 u - 3 potions of degeneration {unknown}
 v - 2 potions of magic {unknown}
 B - a potion of flight {unknown}
 C - 2 potions of haste {unknown}
 D - 2 potions of curing
 E - a potion of ambrosia {unknown}


   Skills:
 + Level 7.4 Fighting
 * Level 9.4 Long Blades
 + Level 7.4 Armour
 - Level 5.0 Shields


You had 7 spell levels left.
You didn't know any spells.
Your spell library contained the following spells:

 Spells                   Type           Power      Damage    Failure   Level
 Magic Dart               Conj           0%         1d3       56%         1
 Mephitic Cloud           Conj/Pois/Air  0%         N/A       90%         3
 Call Imp                 Summ           Unusable   N/A       N/A         2

Dungeon Overview and Level Annotations

Branches:
Dungeon (6/15)             Temple (1/1) D:5

Altars:
Ashenzari
Cheibriados
Dithmenos
Elyvilon
Fedhas
Gozag
Hepliaklqana
Makhleb
Okawaru
Qazlal
Ru
Trog
Uskayaw
Xom
Yredelemnul
Zin
The Shining One

Annotations:
D:5 2 runed translucent doors


Innate Abilities, Weirdness & Mutations

You have a pair of horns on your head.
You reflexively headbutt those who attack you in melee.


Message History

You hit the orc. Lightning courses through the orc!
You kill the orc!
Okawaru accepts your kill.
An iguana comes into view.
The orc hits you with a +0 falchion.
Things that are here:
a +0 hand axe; a +0 chain mail; a wyvern corpse You slash the orc!
You kill the orc!
Okawaru accepts your kill.
You hit the ogre but do no damage. You hit the ogre.
The ogre is lightly wounded.
The ogre closely misses you.
You barely miss the ogre. The ogre misses you.
You hit the ogre.
The ogre is lightly wounded.
You hit the ogre. Lightning courses through the ogre!
The ogre is severely wounded.
The ogre hits you with a +0 giant spiked club!!
* * * LOW HITPOINT WARNING * * *
You slash the ogre!
You kill the ogre!
Okawaru accepts your kill.
You barely miss the orc. You headbutt the orc.
The orc is lightly wounded.
The orc hits you with a +0 flail!
* * * LOW HITPOINT WARNING * * *
You hit the orc but do no damage. Lightning courses through the orc!
You kill the orc!
Okawaru accepts your kill. The iguana bites you.
* * * LOW HITPOINT WARNING * * *
Items here: ))) [ †.
You barely miss the iguana.
You headbutt the iguana, but do no damage.
The iguana bites you.
* * * LOW HITPOINT WARNING * * *
You closely miss the iguana. The iguana bites you.
You die...

#...# #...#
#..<# #...#
#...# ###.# #.#
#)# #@# #l#
.O.....S.......
...............
####...$....#..
#..!.....#
#........#
#........#
#........#


You could see an iguana and an adder.

Vanquished Creatures
  Pikel (D:5)
  A wyvern (D:6)
  Edmund (D:5)
  2 black bears
  2 ogres
  4 lemures
  A phantom (D:4)
  Blork the orc (D:5)
  A scorpion (D:5)
  2 howler monkeys (D:5)
  2 hounds
  A jelly (D:5)
  2 iguanas (D:5)
  2 orc wizards (D:4)
  8 adders
  A worm (D:4)
  A dart slug (D:1)
  11 orcs
  2 bats
  5 endoplasms
  6 giant cockroaches
  3 hobgoblins
  8 jackals
  8 kobolds
  2 quokkas
  7 ball pythons
  2 frilled lizards (D:3)
  8 goblins
  7 rats
102 creatures vanquished.

Notes
Turn   | Place    | Note
-------+----------+-------------------------------------------
     0 | D:1      | boo the Minotaur Fighter began the quest for the Orb.
     0 | D:1      | Reached XP level 1. HP: 19/19 MP: 0/0
    53 | D:1      | Reached XP level 2. HP: 27/27 MP: 1/1
    78 | D:1      | Reached skill level 3 in Long Blades
   421 | D:2      | Found a faded altar of an unknown god.
   531 | D:2      | Reached XP level 3. HP: 33/33 MP: 2/2
   893 | D:2      | Reached XP level 4. HP: 40/40 MP: 3/3
  1166 | D:2      | Reached skill level 4 in Long Blades
  2253 | D:4      | Noticed a black bear
  2261 | D:4      | Killed a black bear
  2262 | D:4      | Reached XP level 5. HP: 47/47 MP: 4/4
  2263 | D:4      | Reached skill level 5 in Long Blades
  2376 | D:4      | Noticed a phantom
  2407 | D:4      | Killed a phantom
  2408 | D:4      | Reached skill level 5 in Fighting
  2408 | D:4      | Reached skill level 5 in Armour
  2408 | D:4      | Reached XP level 6. HP: 15/56 MP: 5/5
  2414 | D:4      | Reached skill level 5 in Shields
  2417 | D:4      | HP: 2/56 [something (4)]
  2673 | D:4      | Found a glowing golden altar of the Shining One.
  2892 | D:5      | Entered Level 5 of the Dungeon
  2901 | D:5      | Found a staircase to the Ecumenical Temple.
  2907 | D:5      | Noticed Pikel
  2910 | Temple   | Entered the Ecumenical Temple
  3040 | Temple   | Became a worshipper of Warmaster Okawaru
  3072 | D:5      | Killed Pikel
  3072 | D:5      | Reached * piety under Okawaru
  3072 | D:5      | Reached ** piety under Okawaru
  3073 | D:5      | Reached skill level 7 in Long Blades
  3073 | D:5      | Reached XP level 7. HP: 32/63 MP: 6/6
  3460 | D:5      | Found a runed translucent door.
  3462 | D:5      | Found a runed translucent door.
  3465 | D:5      | Noticed Edmund
  3472 | D:5      | Killed Edmund
  3473 | D:5      | Reached skill level 8 in Long Blades
  3473 | D:5      | Reached XP level 8. HP: 41/70 MP: 7/7
  3559 | D:5      | Noticed Blork the orc
  3568 | D:5      | Killed Blork the orc
  3970 | D:5      | Identified the ring of Sif Muna's Inspiration {Fly rC+
                  | Int+6}
  4371 | D:6      | Reached *** piety under Okawaru
  4372 | D:6      | Reached skill level 9 in Long Blades
  4384 | D:6      | HP: 2/73 [iguana (4)]
  4385 | D:6      | Slain by an iguana

Illustrated notes

Levels and vault maps discovered:
D:1:      onia_arrival_pyramid, layout_rooms
D:2:      layout_loops_corners, ebering_ecumenical_altar_hall, st_stairs_11,
          minmay_3d_cube
D:3:      layout_basic
D:4:      layout_cave_pools, mainiacjoe_overflow_surrounded_room
D:5:      lemuel_insect_pit, layout_loops_corners,
          minmay_temple_entry_statues_fountains, uniq_edmund,
          uniq_blork_the_orc, uniq_crazy_yiuf_cottage, uniq_pikel
D:6:      layout_basic, uniq_menkaure, uniq_grinder
Temple:   nicolae_temple_superstar

Skill      XL: |  1  2  3  4  5  6  7  8 |
---------------+-------------------------+-----
Long Blades    | 3 4 5 7 8 9 |  9.4
Fighting       | 4 5 6 7 |  7.4
Shields        | 4 5 |  5.0
Armour         | 4 5 6 7 |  7.4

Action                     |  1- 3 |  4- 6 |  7- 9 || total
---------------------------+-------+-------+-------++-------
  Melee: Long sword        |    66 |    29 |       ||    95
         Headbutt          |     6 |    22 |    16 ||    44
         Falchion          |       |   131 |    76 ||   207
    Use: Scroll            |       |     2 |     4 ||     6
         Potion            |       |     2 |       ||     2
 Armour: Scale mail        |    37 |       |       ||    37
         Ring mail         |     6 |    87 |    13 ||   106
  Dodge: Dodged            |    38 |    97 |    22 ||   157
  Block: Buckler           |    22 |    43 |     9 ||    74

Table legend: (Time is in decaauts)
 A = Elapsed time spent in this place.
 B = Non-inter-level travel time spent in this place.
 C = Inter-level travel time spent in this place.
 D = Time resting spent in this place.
 E = Time spent auto-exploring this place.
 F = Levels seen in this place.
 G = Mean time per level.
                   A        B        C        D        E       F      G
               +--------+--------+--------+--------+--------+-----+--------+
         Total |   4413 |   4238 |    175 |    498 |   3011 |   7 |  630.4 |
       Dungeon |   4270 |   4106 |    164 |    468 |   2950 |   6 |  711.7 |
        Temple |    142 |    131 |     11 |     30 |     61 |   1 |  142.0 |
               +--------+--------+--------+--------+--------+-----+--------+

Top non-repeatable levels by time:
     D:5: 1308 daAuts
     D:2: 1019 daAuts
     D:3: 832 daAuts
     D:4: 644 daAuts
     D:1: 429 daAuts
  Temple: 142 daAuts
     D:6: 36 daAuts
